 Dungeon Crawl Stone Soup version 0.23-a0-650-ga4d50d4 (webtiles) character file.

148266 Lanoc the Fencer (level 16, -1/139 HPs)
             Began as a Demonspawn Chaos Knight on Jan 4, 2019.
             Was the Champion of Jiyva.
             Killed from afar by a thorn hunter (37 damage)
             ... with a volley of thorns
             ... on level 3 of the Swamp.
             The game lasted 02:19:04 (34288 turns).

Lanoc the Fencer (Demonspawn Chaos Knight)         Turns: 34288, Time: 02:19:05

Health: -1/139     AC: 23    Str: 33    XL:     16   Next: 64%
Magic:  23/23      EV: 37    Int: 12    God:    Jiyva [******]
Gold:   3599       SH:  0    Dex: 18    Spells: 13/19 levels left

rFire    + . .     SeeInvis .   K - +2 triple sword (flame)
rCold    + . .     Gourm    .   (shield currently unavailable)
rNeg     + + +     Faith    .   h - +4 plate armour of Orthodoxy {rElec Str+3}
rPois    +         Spirit   .   w - +2 hat {MR+}
rElec    +         Reflect  .   l - +0 cloak {rPois}
rCorr    +         Harm     .   Q - +0 pair of gloves of the Iron City of Dis {rN++ Regen+}
MR       +++..                  (boots unavailable)
Stlth    ..........             O - amulet of the acrobat
HPRegen  0.73/turn              z - ring of positive energy
MPRegen  0.18/turn              D - ring of protection from magic

@: mighty, agile, acrobat
A: beak, talons 3, rugged brown scales 3, clever 1, cold resistance 1, fire
resistance 1, high mp 2, mutation resistance 1, powered by pain 2, strong 1,
eyeballs 2, gelatinous body 1, pseudopods 1, translucent skin 1, freezing cloud
immunity
}: 1/15 runes: slimy
a: Request Jelly, Slimify, Cure Bad Mutation, Renounce Religion


You were on level 3 of the Swamp.
You worshipped Jiyva.
Jiyva was exalted by your worship.
You were full.

You visited 6 branches of the dungeon, and saw 32 of its levels.
You also visited: Ossuary, Gauntlet and Volcano.

You collected 4893 gold pieces.
You spent 1294 gold pieces at shops.

Inventory:

Hand Weapons
 K - a +2 triple sword of flaming (weapon)
 T - a +4 great sword (quivered)
Armour
 h - the +4 plate armour of Orthodoxy (worn) {rElec Str+3}
   (You bought it in a shop on level 2 of the Orcish Mines)

   It affects your strength (+3).
   It insulates you from electricity.
 l - a +0 cloak of poison resistance (worn)
 w - a +2 hat of magic resistance (worn)
 Q - the +0 pair of gloves of the Iron City of Dis (worn) {rN++ Regen+}
   (You found it on level 5 of the Pits of Slime)

   It greatly protects you from negative energy.
   It increases your rate of regeneration.
Magical Staves
 F - an uncursed staff of wizardry
Jewellery
 o - an uncursed ring of see invisible
 z - a ring of positive energy (left hand)
 D - a ring of protection from magic (right hand)
 O - an amulet of the acrobat (around neck)
Wands
 k - a wand of digging (7)
 B - a wand of flame (47)
 E - a wand of iceblast (13)
 G - a wand of polymorph (18)
 I - a wand of random effects (78)
 L - a wand of acid (8)
 M - a wand of disintegration (21)
 P - a wand of enslavement (11)
Scrolls
 i - 3 scrolls of fog
 m - 8 scrolls of amnesia
 n - 3 scrolls of teleportation
 q - 5 scrolls of fear
 r - 4 scrolls of remove curse
 y - 4 scrolls of enchant weapon
 J - a scroll of identify
 N - 4 scrolls of immolation
 U - a scroll of brand weapon
 W - a scroll of silence
 Y - a scroll of summoning
Potions
 d - a potion of invisibility
 e - 2 potions of flight
 f - 2 potions of magic
 g - 7 potions of curing
 p - 2 potions of ambrosia
 u - 3 potions of might
 v - 3 potions of lignification
 x - 3 potions of resistance
 A - 3 potions of agility
 C - 3 potions of brilliance
 H - a potion of haste
 R - a potion of mutation
Miscellaneous
 j - a sack of spiders
 s - a box of beasts
 V - a crystal ball of energy
Comestibles
 c - 39 rations


   Skills:
 + Level 13.0 Fighting
 * Level 16.1 Long Blades
 + Level 11.8 Armour
 + Level 11.8 Dodging
 - Level 2.1 Spellcasting
 - Level 14.3 Necromancy


You had 13 spell levels left.
You knew the following spells:

 Your Spells              Type           Power        Failure   Level  Hunger
a - Animate Skeleton      Necr           N/A          1%          1    ##.....
b - Corpse Rot            Necr           N/A          1%          2    ###....
c - Vampiric Draining     Necr           #####.....   1%          3    ####...

Your spell library contained the following spells:

 Spells                   Type           Power        Failure   Level  Hunger
 Regeneration             Chrm/Necr      ###.......   24%         3    ####...
 Death Channel            Necr           #####.....   54%         6    #######
 Confusing Touch          Hex            #.....       83%         1    ##.....
 Corona                   Hex            #......      83%         1    ##.....
 Flame Tongue             Conj/Fire      #....        83%         1    ##.....
 Magic Dart               Conj           #...         83%         1    ##.....
 Summon Small Mammal      Summ           #...         83%         1    ##.....
 Borgnjor's Vile Clutch   Necr/Erth      ###.......   91%         5    ######.
 Blink                    Tloc           N/A          92%         2    ###....
 Call Imp                 Summ           #.......     92%         2    ###....
 Poisonous Vapours        Pois/Air       #.....       92%         2    ###....
 Slow                     Hex            #.......     92%         2    ###....
 Throw Flame              Conj/Fire      #.....       92%         2    ###....
 Call Canine Familiar     Summ           #.......     99%         3    ####...
 Confuse                  Hex            #.......     99%         3    ####...
 Conjure Flame            Conj/Fire      #.......     99%         3    ####...
 Gell's Gravitas          Tloc           #.........   99%         3    ####...
 Inner Flame              Hex/Fire       #.......     99%         3    ####...
 Mephitic Cloud           Conj/Pois/Air  #.......     99%         3    ####...
 Portal Projectile        Hex/Tloc       #.....       99%         3    ####...
 Spider Form              Tmut/Pois      #.........   99%         3    ####...
 Stone Arrow              Conj/Erth      #.....       99%         3    ####...
 Summon Guardian Golem    Hex/Summ       #.......     99%         3    ####...
 Cause Fear               Hex            #.........   100%        4    #####..
 Leda's Liquefaction      Hex/Erth       #.........   100%        4    #####..
 Petrify                  Tmut/Erth      #.......     100%        4    #####..
 Sticky Flame             Conj/Fire      #.......     100%        4    #####..
 Summon Ice Beast         Ice/Summ       #.......     100%        4    #####..
 Summon Lightning Spire   Summ/Air       #.......     100%        4    #####..
 Alistair's Intoxication  Tmut/Pois      #.......     100%        5    ######.
 Bolt of Magma            Conj/Fire/Erth #.........   100%        5    ######.
 Irradiate                Conj/Tmut      #.........   100%        5    ######.
 Metabolic Englaciation   Hex/Ice        #.........   100%        5    ######.
 Yara's Violent Unravell  Hex/Tmut       #.........   100%        5    ######.
 Bolt of Fire             Conj/Fire      #.........   100%        6    #######
 Freezing Cloud           Conj/Ice/Air   #.........   100%        6    #######
 Hydra Form               Tmut           #.........   100%        6    #######
 Iron Shot                Conj/Erth      #.........   100%        6    #######
 Simulacrum               Ice/Necr       ###.......   100%        6    #######
 Statue Form              Tmut/Erth      #........    100%        6    #######
 Dragon Form              Tmut           #.........   100%        7    #######
 Ring of Flames           Chrm/Fire      #.........   100%        7    #######
 Shatter                  Erth           #.........   100%        9    #######


Dungeon Overview and Level Annotations

Branches:
Dungeon (15/15)            Temple (1/1) D:4            Lair (6/6) D:9
  Swamp (3/4) Lair:4        Snake (0/4) Lair:2        Slime (5/5) Lair:6
    Orc (2/2) D:10            Elf (0/3) Orc:2        Vaults (0/5) D:13
 Depths (0/5) D:15

Altars:
Makhleb
Okawaru
Jiyva

Shops:
D:4 *(   Orc:1 }   Orc:2 **}[

Portals:
Hell: Lair:6

Annotations:
Lair:3 2 transporters, Yheosepp's ghost, journeyman HuGl
Slime:5 Royal Jelly


Innate Abilities, Weirdness & Mutations

You have claws for feet.
You are completely covered in rugged brown scales. (AC +3, +7% HP)
Your flesh is cold resistant. (rC+)
You sometimes gain power by taking damage.
You are immune to freezing clouds.
You have a beak for a mouth.
Your mind is acute. (Int +2)
Your flesh is heat resistant. (rF+)
You have a considerably increased reservoir of magic. (+20% MP)
You are somewhat resistant to further mutation.
Your muscles are strong. (Str +2)
Your body has grown many golden eyes which may confuse attackers. (Acc +5)
Your rubbery body absorbs attacks. (AC +1, EV +1)
Armour fits poorly on your pseudopods.
Your translucent skin slightly reduces your foes' accuracy. (Stealth)


Message History

You hear a distant slurping noise.
You feel a little less hungry.
You feel better.
You enter the shallow water.
Moving in this stuff is going to be slow.
The briar patch crumbles away.
The thorn hunter fires a volley of thorns at you.
The volley of thorns misses you.
The thorn hunter fires a volley of thorns at you.
The volley of thorns misses you.
The briar patch crumbles away.
The thorn hunter fires a volley of thorns at you.
The volley of thorns hits you!
* * * LOW HITPOINT WARNING * * *
You shudder from the blast and a jelly pops out!
You focus on the pain.
You feel very mighty all of a sudden.
The briar patch crumbles away.
The thorn hunter fires a volley of thorns at you.
The volley of thorns hits you!
You die...

,♣♣♣hh♣♣*≈≈.♣ **,≈≈≈,,,≈≈,,,<**
,...≈.h.♣v≈.♣**≈≈≈≈***≈.≈≈*≈≈≈*
,.≈≈....§♣♣***≈≈,**♣♣♣≈.≈,*,,,*
,§≈...≈F≈f♣♣ *≈≈≈**..♣≈.≈≈≈,***
≈≈≈..h≈≈v≈w♣♣♣,,**≈.....≈≈≈≈≈*
≈≈≈♣♣.≈v≈v≈?.*****,..≈.,≈≈≈≈≈*
≈♣**♣.≈≈v≈≈≈.§* ♣♣≈.,,≈,≈*≈** **
♣≈≈≈≈≈≈≈.♣♣♣♣♣.♣♣*,,,≈*** *
♣♣♣≈v.♣♣♣♣≈♣@.J.♣***,,*** **
♣**♣≈...♣≈.....≈≈♣♣≈,,..≈****
≈**♣..♣♣.≈≈..≈≈PPP...♣,≈≈≈≈≈,,,*
***≈♣≈.≈.≈≈≈†≈≈PPP.♣♣♣*≈≈≈≈≈≈,≈*
*♣♣♣♣.≈≈>♣≈.≈§≈fPP..♣♣*.≈≈≈≈≈***
*≈≈♣♣?.≈♣≈.≈≈..PP..p♣♣.≈≈≈≈.*
♣♣.♣♣♣♣♣♣♣♣≈...PP≈≈.♣..≈≈≈≈.*
♣...♣♣♣♣♣♣♣♣♣≈pPP≈≈..≈≈≈≈≈§≈♣*
*♣..♣≈♣≈....♣♣≈.p≈...♣≈...≈≈≈*


You could see a thorn hunter, 2 neutral humans and a friendly death ooze.

Vanquished Creatures
  Nikola (Swamp:2)
  2 thorn hunters
  Gastronok (D:9)
  Kirke (Swamp:3)
  Roxanne (Swamp:2)
  A minotaur (Gauntlet)
  Nessos (D:13)
  The ghost of Gareihy the Thaumaturge, a journeyman GnWr of Uskayaw (Lair:1)
  A fire dragon (Volcano)
  Erolcha (D:13)
  4 vault guards (D:13)
  13 hydras
  A catoblepas (Lair:3)
  7 ghost crabs (Swamp:1)
  4 alligators
  7 two-headed ogres
  3 centaur warriors
  An ogre mage (D:15)
  A death knight (D:14)
  A tengu warrior (D:14)
  A death yak (Lair:6)
  Urug (Lair:2)
  An orc high priest (Orc:2)
  Sonja (D:12)
  A sun demon (Lair:6)
  A fire crab (Lair:6)
  A sea snake (D:8)
  2 spriggan druids (Swamp:1)
  2 wizards
  2 unseen horrors
  5 orc knights
  3 swamp dragons
  A wolf spider zombie (D:15)
  2 orc sorcerers
  12 ugly things
  An oklob plant (Gauntlet)
  2 deep elf magi (D:15)
  6 cyclopes
  A manticore (D:13)
  3 salamanders (Volcano)
  3 elephants (Lair:6)
  4 centaur zombies
  A black mamba (Lair:4)
  Maurice (D:13)
  2 smoke demons
  A gargoyle (D:10)
  4 apocalypse crabs (Swamp:1)
  An orange demon (Lair:6)
  9 spiny frogs
  A redback zombie (D:15)
  5 komodo dragons
  A freezing wraith (D:15)
  6 rime drakes
  An ice devil (Lair:6)
  A tengu conjurer (D:14)
  3 red devils (Lair:6)
  2 tyrant leeches
  2 polar bears (Lair:6)
  10 trolls
  A bog body (Swamp:1)
  A blink frog (shapeshifter) (D:4)
  7 hippogriffs
  10 dream sheep (Lair:6)
  6 blink frogs
  A spriggan (Lair:1)
  2 shadows
  8 flying skulls (Gauntlet)
  Sigmund (D:3)
  7 fire bats
  2 humans
  Eustachio (D:6)
  5 basilisks (Lair:6)
  8 wyverns
  44 yaks
  3 hogs (D:7)
  A neqoxec (Gauntlet)
  12 vampire mosquitoes
  A hungry ghost (D:10)
  3 steam dragons (Volcano)
  2 chaos spawn (Gauntlet)
  Menkaure (D:4)
  11 insubstantial wisps
  4 nagas
  2 acid dragons (Gauntlet)
  14 swamp worms
  Duvessa (D:6)
  11 water moccasins
  8 porcupines
  5 hell hounds
  4 swamp drakes
  2 black bears
  A phantom (D:5)
  28 orc warriors
  4 ice beasts
  3 sky beasts
  21 ogres
  7 necrophages
  4 boggarts (D:14)
  15 wolves
  19 centaurs
  15 crocodiles
  2 big kobolds (D:10)
  An elf skeleton (D:6)
  13 bullfrogs
  A wyvern zombie (D:14)
  Dowan (D:6)
  A wyvern skeleton (D:13)
  8 killer bees
  2 scorpions
  A water moccasin skeleton (D:4)
  13 wights
  4 howler monkeys
  5 crimson imps
  6 hounds
  4 jellies (D:8)
  3 gnoll shamans
  21 orc priests
  5 bullfrog skeletons
  5 centaur skeletons
  3 iguanas
  Ijyb (D:4)
  23 orc wizards
  9 worker ants
  2 big kobold zombies (Ossuary)
  3 hound zombies
  4 hound skeletons
  7 mummies (Ossuary)
  12 gnolls
  10 adders
  2 shadow imps
  An adder zombie (D:7)
  An adder skeleton (D:7)
  A worm (D:4)
  A dart slug (D:5)
  6 leopard geckos
  An orc (shapeshifter) (D:1)
  63 orcs
  9 bats
  9 giant cockroaches
  9 goblins
  11 hobgoblins
  6 kobolds
  2 quokkas
  5 ball pythons
  2 frilled lizards
  A jackal zombie (D:5)
  3 kobold zombies (Ossuary)
  2 leopard gecko skeletons (D:5)
  An orc skeleton (D:6)
  3 orc zombies (Ossuary)
  A quokka skeleton (D:7)
  2 quokka zombies
  10 rats
  4 plants (Volcano)
792 creatures vanquished.

Vanquished Creatures (collateral kills)
  2 wizards (D:15)
  An orc knight (Orc:1)
  3 orc sorcerers (Orc:2)
  A naga mage (D:15)
  An orc warrior (D:15)
  2 elf zombies (D:6)
  An elf skeleton (D:6)
  A mummy (Ossuary)
  An orc skeleton (D:6)
13 creatures vanquished.

Vanquished Creatures (others)
  3 acid blobs (Slime:2)
  A great orb of eyes (Slime:3)
  A vault guard (D:13)
  A death knight (D:10)
  A centaur warrior (D:14)
  2 orc high priests
  An unseen horror (D:11)
  A wizard (D:13)
  A cyclops (D:12)
  A faun (shapeshifter) (Orc:1)
  An eye of devastation (Slime:3)
  A centaur skeleton (D:15)
  A spiny frog (Lair:2)
  A hornet (Lair:1)
  A tyrant leech (Swamp:1)
  18 slime creatures
  2 spriggans (Lair:1)
  2 wyverns (Volcano)
  4 humans
  A golden eye (Slime:5)
  A steam dragon (Volcano)
  A warg (Orc:1)
  A hell hound (Lair:6)
  A porcupine (Lair:4)
  2 swamp drakes (Swamp:1)
  3 orc warriors
  2 sky beasts (D:12)
  A black bear (Lair:1)
  An eye of draining (Slime:2)
  An ice beast (D:9)
  2 ogres
  5 centaurs
  A crocodile (Lair:2)
  4 big kobolds
  A bullfrog (D:11)
  A scorpion (D:9)
  5 killer bees
  A crimson imp (D:12)
  A hound (Orc:1)
  5 orc priests
  163 jellies
  2 gnoll shamans (D:9)
  6 orc wizards
  2 worker ants (D:12)
  An adder (D:3)
  5 gnolls
  2 leopard geckos
  20 orcs
  2 jackals (D:9)
  19 kobolds
  A briar patch (Swamp:3)
  13 fungi
  38 plants
359 creatures vanquished.

Grand Total: 1164 creatures vanquished

Notes
Turn   | Place    | Note
-------+----------+-------------------------------------------
     0 | D:1      | Lanoc the Demonspawn Chaos Knight began the quest for the
                  | Orb.
     0 | D:1      | Reached XP level 1. HP: 18/18 MP: 1/1
    23 | D:1      | Reached skill level 1 in Dodging
   108 | D:1      | Gained mutation: You have sharp toenails. [demonic
                  | ancestry]
   108 | D:1      | Reached XP level 2. HP: 23/24 MP: 2/2
   145 | D:1      | Reached skill level 3 in Long Blades
   162 | D:1      | XOM: noise
   250 | D:1      | XOM: mild Hex miscast
   289 | D:1      | XOM: harmless Fire miscast
   361 | D:1      | Gained mutation: You have razor-sharp toenails. [demonic
                  | ancestry]
   361 | D:1      | Reached XP level 3. HP: 27/29 MP: 3/3
   422 | D:1      | XOM: harmless Tmut miscast
   484 | D:1      | XOM: torment (16/29 hp)
   616 | D:2      | XOM: noise
  1042 | D:2      | Found a burning altar of Makhleb.
  1113 | D:2      | XOM: polymorph bat -> kobold
  1126 | D:2      | XOM: give mutation
  1126 | D:2      | Gained mutation: Your muscles are strong. (Str +2) [Xom's
                  | grace]
  1268 | D:3      | Gained mutation: You sometimes gain a little power by
                  | taking damage. [demonic ancestry]
  1268 | D:3      | Reached XP level 4. HP: 34/35 MP: 4/4
  1394 | D:3      | Gained mutation: Your flesh is cold resistant. (rC+)
                  | [demonic ancestry]
  1394 | D:3      | Reached XP level 5. HP: 38/42 MP: 5/5
  1396 | D:3      | Reached skill level 4 in Long Blades
  1521 | D:3      | XOM: give mutations
  1521 | D:3      | Gained mutation: Your skin changes colour to match your
                  | surroundings (Stealth+). [Xom's grace]
  1521 | D:3      | Gained mutation: You expend magic power (3 MP) to
                  | strengthen your wands. [Xom's grace]
  1521 | D:3      | Gained mutation: Your system is resistant to poisons.
                  | (rPois) [Xom's grace]
  1521 | D:3      | Gained mutation: You have an increased reservoir of magic.
                  | (+10% MP) [Xom's grace]
  1697 | D:3      | Noticed Sigmund
  1724 | D:3      | Killed Sigmund
  1724 | D:3      | Gained mutation: You are partially covered in rugged brown
                  | scales. (AC +1, +3% HP) [demonic ancestry]
  1724 | D:3      | Reached XP level 6. HP: 32/49 MP: 6/6
  1993 | D:3      | XOM: summons 1 hostile demon
  2044 | D:4      | XOM: summons 3 friendly demons
  2079 | D:4      | Noticed Grinder
  2081 | D:4      | Found an iron altar of Okawaru.
  2087 | D:4      | Reached skill level 5 in Long Blades
  2097 | D:4      | XOM: noise
  2098 | D:4      | Noticed Grinder
  2098 | D:4      | Grinder changed into Grinder the smoke demon
  2098 | D:4      | XOM: polymorph Grinder -> Grinder the smoke demon
  2114 | D:4      | Killed Grinder the smoke demon
  2114 | D:4      | Gained mutation: You are mostly covered in rugged brown
                  | scales. (AC +2, +5% HP) [demonic ancestry]
  2114 | D:4      | Reached XP level 7. HP: 23/57 MP: 7/7
  2305 | D:4      | Noticed Ijyb
  2320 | D:4      | Killed Ijyb
  2410 | D:4      | Noticed Menkaure
  2416 | D:4      | XOM: summons 2 friendly demons
  2422 | D:4      | Killed Menkaure
  2422 | D:4      | Reached skill level 5 in Fighting
  2670 | D:4      | Found Luurig's Antique Weapon Boutique.
  2682 | D:4      | Noticed a fire bat
  2682 | D:4      | a worm changed into a fire bat
  2682 | D:4      | a fire bat changed into a porcupine
  2683 | D:4      | Noticed a wyvern
  2683 | D:4      | a porcupine changed into a wyvern
  2684 | D:4      | a wyvern changed into a soldier ant
  2686 | D:4      | Noticed a blink frog
  2686 | D:4      | a soldier ant changed into a blink frog
  2696 | D:4      | Killed a blink frog
  2696 | D:4      | Reached skill level 6 in Long Blades
  2696 | D:4      | Gained mutation: You have claws for feet. [demonic
                  | ancestry]
  2696 | D:4      | Reached XP level 8. HP: 51/65 MP: 8/8
  2714 | D:4      | Found Orur's Assorted Antiques.
  2739 | D:4      | XOM: give mutations
  2739 | D:4      | Gained mutation: You are frail. (-10% HP) [Xom's mischief]
  2739 | D:4      | Gained mutation: You have a pair of small horns on your
                  | head. [Xom's mischief]
  2761 | D:4      | Found a staircase to the Ecumenical Temple.
  2768 | Temple   | Entered the Ecumenical Temple
  2829 | D:4      | XOM: noise
  3130 | D:5      | Entered Level 5 of the Dungeon
  3243 | D:5      | XOM: stat loss: -1 Int (13/14)
  3258 | D:5      | XOM: blink monster(s)
  3259 | D:5      | XOM: confusion
  3260 | D:5      | XOM: swap monsters
  3706 | D:5      | XOM: give mutations
  3706 | D:5      | Lost mutation: You have a pair of small horns on your head.
                  | [Xom's mischief]
  3706 | D:5      | Lost mutation: You are frail. (-10% HP) [Xom's mischief]
  3766 | D:5      | XOM: destruction
  3767 | D:5      | Reached skill level 7 in Long Blades
  3773 | D:5      | XOM: fog
  4027 | D:5      | XOM: scenery: 1 doors close
  4039 | D:5      | XOM: 1-stop teleportation journey
  4262 | D:5      | Reached skill level 5 in Armour
  4269 | D:5      | XOM: destruction
  4563 | D:6      | XOM: cast spell 'Summon Horrible Things'
  4565 | D:6      | Reached XP level 9. HP: 72/72 MP: 9/9
  4608 | D:6      | Found a sand-covered staircase.
  4621 | Ossuary  | Entered an ossuary
  4635 | Ossuary  | XOM: enchant monster (good)
  4670 | Ossuary  | XOM: summons friendly ufetubus
  4812 | Ossuary  | XOM: give mutation
  4812 | Ossuary  | Lost mutation: Your skin changes colour to match your
                  | surroundings (Stealth+). [Xom's mischief]
  5410 | D:6      | Noticed Duvessa
  5410 | D:6      | Noticed Dowan
  5421 | D:6      | Killed Duvessa
  5421 | D:6      | Reached skill level 5 in Dodging
  5422 | D:6      | Killed Dowan
  5443 | D:6      | XOM: divination: magic mapping
  5492 | D:6      | XOM: swap monsters
  5506 | D:6      | Noticed Eustachio
  5521 | D:6      | XOM: swap monsters
  5528 | D:6      | Killed Eustachio
  5528 | D:6      | Reached skill level 8 in Long Blades
  5620 | D:7      | XOM: give mutations
  5620 | D:7      | Gained mutation: You tend to lose your temper in combat.
                  | [Xom's mischief]
  5620 | D:7      | Lost mutation: You tend to lose your temper in combat.
                  | [Xom's mischief]
  5620 | D:7      | Gained mutation: You are frail. (-10% HP) [Xom's mischief]
  5620 | D:7      | Gained mutation: Your body sometimes deteriorates upon
                  | taking damage. [Xom's mischief]
  5719 | D:7      | XOM: mild Chrm miscast
  5747 | D:7      | XOM: divination: magic mapping
  5760 | D:7      | Identified the Compendium of Poison and Attacks
  5772 | D:7      | XOM: silly message
  5972 | D:7      | XOM: noise
  6160 | D:7      | XOM: swap monsters
  6263 | D:7      | XOM: summons 2 hostile demons
  6412 | D:7      | XOM: give mutation
  6412 | D:7      | Gained mutation: You occasionally shout uncontrollably at
                  | your foes. [Xom's mischief]
  6413 | D:7      | Lost mutation: You occasionally shout uncontrollably at
                  | your foes. [potion of mutation]
  6413 | D:7      | Lost mutation: You are frail. (-10% HP) [potion of
                  | mutation]
  6413 | D:7      | Lost mutation: You expend magic power (3 MP) to strengthen
                  | your wands. [potion of mutation]
  6413 | D:7      | Gained mutation: You possess an exceptional clarity of
                  | mind. [potion of mutation]
  6413 | D:7      | Gained mutation: You expend magic power (3 MP) to
                  | strengthen your wands. [potion of mutation]
  6520 | D:8      | XOM: stat loss: -1 Str (15/17)
  6530 | D:8      | Gained mutation: You sometimes gain power by taking damage.
                  | [demonic ancestry]
  6530 | D:8      | Reached XP level 10. HP: 82/82 MP: 11/11
  6535 | D:8      | XOM: medium Ice miscast
  6540 | D:8      | XOM: enchant monster (bad)
  6540 | D:8      | Noticed Harold
  6541 | D:8      | XOM: harmless Conj miscast
  6683 | D:8      | XOM: smoke on damage
  6686 | D:8      | XOM: noise
  6689 | D:8      | Reached skill level 9 in Long Blades
  6696 | D:8      | XOM: mild Necr miscast
  6697 | D:8      | Noticed Harold
  6697 | D:8      | Harold changed into Harold the sea snake
  6697 | D:8      | XOM: polymorph Harold -> Harold the sea snake
  6718 | D:8      | Killed Harold the sea snake
  6928 | D:8      | XOM: harmless Summ miscast
  6985 | D:8      | Found a viscous altar of Jiyva.
  6988 | D:8      | Found a burning altar of Makhleb.
  7002 | D:8      | Fell from the grace of Xom
  7002 | D:8      | Became a worshipper of Jiyva Joklug the Shapeless
  7128 | D:8      | Reached * piety under Jiyva
  8053 | D:9      | XOM: severe Necr miscast
  8054 | D:9      | Noticed a soul eater
  8532 | D:9      | Reached ** piety under Jiyva
  8573 | D:9      | Noticed an unseen horror
  8586 | D:9      | Killed an unseen horror
  8645 | D:9      | Noticed Gastronok
  8668 | D:9      | Killed Gastronok
  8668 | D:9      | Reached skill level 10 in Long Blades
  8668 | D:9      | Reached XP level 11. HP: 55/90 MP: 12/12
  8714 | D:9      | XOM: summons 1 hostile shadow creature
  8809 | D:9      | Reached *** piety under Jiyva
  9243 | D:9      | Found a staircase to the Lair.
  9327 | D:9      | XOM: medium Conj miscast
  9908 | D:9      | Reached **** piety under Jiyva
  9949 | D:9      | XOM: harmless Erth miscast
  9962 | D:9      | XOM: harmless Hex miscast
 10145 | D:10     | Entered Level 10 of the Dungeon
 10155 | D:10     | Identified Gonoicruot's Incunabulum of the Evil Mountains
 10159 | D:10     | Learned a level 1 spell: Animate Skeleton
 10293 | D:10     | Noticed a two-headed ogre
 10297 | D:10     | Gained mutation: Your mind is acute. (Int +2) [Jiyva's
                  | grace]
 10432 | D:10     | Reached skill level 1 in Necromancy
 10456 | D:10     | XOM: noise
 10464 | D:10     | HP: 4/91 [gargoyle/+0 mace (5)]
 10504 | D:10     | XOM: noise
 10705 | D:9      | XOM: noise
 10783 | D:10     | Gained mutation: Your spells are a little harder to cast,
                  | but a little more powerful. [Jiyva's grace]
 10790 | D:10     | Reached ***** piety under Jiyva
 10995 | D:10     | Noticed a death knight
 11080 | D:10     | Lost mutation: Your muscles are strong. (Str +2) [Jiyva's
                  | grace]
 11142 | D:10     | Killed a death knight
 11234 | D:10     | Reached skill level 11 in Long Blades
 11264 | D:10     | Got a twisted robe
 11275 | D:10     | Identified the +2 robe "Niamauc" {MR- Str+4 Int+4 Stlth+}
                  | (You found it on level 10 of the Dungeon)
 11366 | D:9      | XOM: god gift: 2840 gold pieces
 11377 | D:9      | XOM: medium Hex miscast
 11587 | D:10     | XOM: swap monsters
 11618 | D:10     | Reached ****** piety under Jiyva
 11618 | D:10     | Gained mutation: You have a small jelly attached to you
                  | that senses nearby items. [Jiyva's grace]
 11682 | D:10     | Noticed an orc knight
 11722 | D:10     | Found a staircase to the Orcish Mines.
 11724 | D:10     | XOM: give mutations
 11724 | D:10     | Lost mutation: Your mind is acute. (Int +2) [Xom's
                  | mischief]
 11724 | D:10     | Lost mutation: You have a small jelly attached to you that
                  | senses nearby items. [Xom's mischief]
 12097 | D:11     | Noticed a two-headed ogre
 12103 | D:11     | Gained mutation: You are completely covered in rugged brown
                  | scales. (AC +3, +7% HP) [Jiyva's grace]
 12104 | D:11     | Killed a two-headed ogre
 12236 | D:11     | Noticed a white ugly thing
 12565 | D:12     | Noticed a green ugly thing
 12634 | D:12     | Noticed Sonja
 12742 | Orc:1    | Entered Level 1 of the Orcish Mines
 13146 | Orc:1    | Reached skill level 5 in Necromancy
 13366 | Orc:1    | XOM: summons 3 hostile shadow creatures
 13421 | D:10     | XOM: medium Fire miscast
 13551 | Orc:1    | Found Rozy's Gadget Shop.
 13597 | Orc:1    | Gained mutation: Your body has grown golden eyes which may
                  | confuse attackers. (Acc +3) [Jiyva's grace]
 13699 | Orc:1    | Gained mutation: Your body has grown many golden eyes which
                  | may confuse attackers. (Acc +5) [Jiyva's grace]
 13828 | Orc:2    | Entered Level 2 of the Orcish Mines
 13850 | Orc:1    | Lost mutation: Your body sometimes deteriorates upon taking
                  | damage. [potion of mutation]
 13850 | Orc:1    | Lost mutation: Your system is resistant to poisons. (rPois)
                  | [potion of mutation]
 13850 | Orc:1    | Gained mutation: You have a beak for a mouth. [potion of
                  | mutation]
 13850 | Orc:1    | Gained mutation: You passively map a small area around you.
                  | [potion of mutation]
 13850 | Orc:1    | Gained mutation: You have a pair of small horns on your
                  | head. [potion of mutation]
 13989 | Orc:2    | Noticed an orc knight
 14015 | Orc:1    | Killed an orc knight
 14143 | Orc:1    | Gained mutation: Your body is covered in golden eyes which
                  | may confuse attackers. (Acc +7, SInv) [Jiyva's grace]
 14203 | Orc:1    | XOM: torment (33/95 hp)
 14251 | Orc:1    | XOM: polymorph jelly -> hound
 14495 | Orc:2    | Noticed an orc knight
 14495 | Orc:2    | Noticed an orc sorcerer
 14508 | Orc:2    | Noticed a sun demon
 14528 | Orc:1    | Killed an orc knight
 14528 | Orc:1    | Gained mutation: You are immune to freezing clouds.
                  | [demonic ancestry]
 14528 | Orc:1    | Reached XP level 12. HP: 72/101 MP: 13/13
 14779 | Orc:1    | Lost mutation: You are completely covered in rugged brown
                  | scales. (AC +3, +7% HP) [Jiyva's grace]
 15165 | Orc:2    | Found a staircase to the Elven Halls.
 15253 | Orc:2    | XOM: mild Summ miscast
 15269 | Orc:1    | Gained mutation: You are somewhat resistant to further
                  | mutation. [Jiyva's grace]
 15656 | Orc:2    | Paralysed by an orc sorcerer for 6 turns
 15843 | Orc:2    | Lost mutation: You have a pair of small horns on your head.
                  | [Jiyva's grace]
 16288 | Orc:2    | Noticed an orc high priest
 16467 | Orc:2    | Noticed an orc high priest
 16481 | Orc:1    | Killed an orc high priest
 16680 | Orc:1    | XOM: polymorph jelly -> swamp drake
 17202 | Orc:2    | Killed an orc high priest
 17268 | Orc:1    | Lost mutation: You expend magic power (3 MP) to strengthen
                  | your wands. [Jiyva's grace]
 17757 | Orc:2    | Reached skill level 12 in Long Blades
 17786 | Orc:2    | Gained mutation: Your body sometimes deteriorates upon
                  | taking damage. [Jiyva's grace]
 18266 | Orc:2    | Gained mutation: You occasionally shout uncontrollably at
                  | your foes. [Jiyva's grace]
 18355 | Orc:2    | Killed an orc high priest
 18367 | Orc:2    | XOM: summons 3 hostile shadow creatures
 18368 | Orc:2    | Noticed an orc warlord
 18820 | Orc:2    | Found Wugek's Armour Emporium.
 18820 | Orc:2    | Found Ruheoph's Assorted Antiques.
 18821 | Orc:2    | Found Zyqafuf's Gadget Shop.
 18821 | Orc:2    | Found Coplupne's Assorted Antiques.
 18840 | Orc:2    | Bought 3 scrolls labeled VUCIBU CIQAV for 93 gold pieces
 18840 | Orc:2    | Bought a scroll labeled QAFYERE HEISE for 31 gold pieces
 18896 | Orc:2    | Bought a jewelled plate armour for 980 gold pieces
 18896 | Orc:2    | Bought a silvery potion for 31 gold pieces
 18896 | Orc:2    | Bought a scroll labeled JINLOY MID FAISO for 35 gold pieces
 18908 | Orc:2    | Identified the +4 plate armour of Orthodoxy {rElec Str+3}
                  | (You bought it in a shop on level 2 of the Orcish Mines)
 18911 | Orc:2    | Bought a scroll of identify for 62 gold pieces
 18916 | Orc:2    | Bought a scroll of identify for 62 gold pieces
 18920 | Orc:2    | Reached skill level 10 in Fighting
 18920 | Orc:2    | Reached XP level 13. HP: 64/108 MP: 13/17
 19091 | Lair:1   | Entered Level 1 of the Lair of Beasts
 19295 | Lair:1   | You fall through a shaft!
 19606 | Lair:1   | Gained mutation: You are covered in slimy tendrils that may
                  | disarm your opponents. [Jiyva's grace]
 19653 | Lair:1   | Found a runed door.
 19653 | Lair:1   | Identified the +8 trident of Taemiukk {speed, +Blink Str+3}
 19655 | Lair:1   | Noticed Gareihy's ghost (journeyman GnWr)
 19796 | Lair:1   | Got a faintly humming scale mail
 20200 | Lair:1   | Identified the cursed +0 scale mail of Optimism {Str+5}
                  | (You found it on level 1 of the Lair of Beasts)
 20291 | Lair:1   | XOM: polymorph jelly -> worker ant
 20440 | Lair:1   | Lost mutation: Your spells are a little harder to cast, but
                  | a little more powerful. [Jiyva's grace]
 20559 | Lair:1   | XOM: mild Tmut miscast
 20854 | Lair:2   | Found a staircase to the Snake Pit.
 20952 | Lair:2   | XOM: 1-stop teleportation journey
 20959 | Lair:2   | Lost mutation: You possess an exceptional clarity of mind.
                  | [Jiyva's grace]
 20979 | Lair:2   | Reached skill level 13 in Long Blades
 21948 | Lair:3   | Found a transporter.
 21953 | Lair:3   | Noticed Yheosepp's ghost (journeyman HuGl)
 21960 | Lair:3   | Found a transporter.
 22012 | Lair:2   | Gained mutation: Your rubbery body absorbs attacks. (AC +1,
                  | EV +1) [Jiyva's grace]
 22073 | Lair:3   | Reached skill level 10 in Necromancy
 22073 | Lair:3   | Reached XP level 14. HP: 98/115 MP: 18/18
 22131 | Lair:3   | Noticed Urug
 22600 | Lair:2   | Killed Urug
 22618 | Lair:2   | XOM: give mutation
 22618 | Lair:2   | Gained mutation: Your spells are a little harder to cast,
                  | but a little more powerful. [Xom's mischief]
 23122 | Lair:4   | Found a staircase to the Swamp.
 23123 | Lair:4   | Got a warped leather armour
 23153 | Lair:4   | Gained mutation: You have a pair of small antennae on your
                  | head. [Jiyva's grace]
 23258 | Lair:4   | Gained mutation: Your skin changes colour to match your
                  | surroundings (Stealth+). [Jiyva's grace]
 23321 | Lair:4   | XOM: medium Air miscast
 23321 | Lair:4   | Was forgiven by Xom
 24048 | Lair:5   | Found a dark tunnel.
 24063 | Volcano  | Entered a volcano
 24096 | Volcano  | Identified the +3 leather armour "Omoklyet" {rCorr} (You
                  | found it on level 4 of the Lair of Beasts)
 24481 | Volcano  | Reached skill level 10 in Armour
 24589 | Volcano  | Gained mutation: You are somewhat resistant to both further
                  | mutation and mutation removal. [Jiyva's grace]
 24750 | Volcano  | Gained mutation: Your muscles are strong. (Str +2) [Jiyva's
                  | grace]
 25351 | Lair:6   | Entered Level 6 of the Lair of Beasts
 25560 | Lair:6   | Found a staircase to the Slime Pits.
 25620 | Slime:1  | Entered Level 1 of the Pits of Slime
 25625 | Slime:1  | Noticed an azure jelly
 25625 | Slime:1  | Noticed an acid blob
 25626 | Slime:1  | Noticed an acid blob
 25756 | Slime:2  | Noticed an acid blob
 25769 | Slime:2  | Noticed an acid blob
 25858 | Slime:2  | Noticed an acid blob
 25860 | Slime:2  | Noticed an acid blob
 25885 | Slime:2  | Noticed an acid blob
 25887 | Slime:2  | Killed an acid blob
 25889 | Slime:2  | Killed an acid blob
 25892 | Slime:2  | Killed an acid blob
 25894 | Slime:2  | Noticed an azure jelly
 25908 | Slime:2  | Noticed an azure jelly
 25915 | Slime:2  | Noticed an acid blob
 26102 | Slime:3  | Noticed an acid blob
 26103 | Slime:3  | Noticed an azure jelly
 26174 | Slime:3  | Noticed an azure jelly
 26211 | Slime:3  | Noticed an acid blob
 26356 | Slime:4  | Noticed an acid blob
 26394 | Slime:4  | Noticed an azure jelly
 26397 | Slime:4  | Noticed an acid blob
 26407 | Slime:4  | Noticed an acid blob
 26440 | Slime:4  | Found a viscous altar of Jiyva.
 26608 | Slime:5  | Entered Level 5 of the Pits of Slime
 26611 | Slime:5  | Noticed an acid blob
 26622 | Slime:5  | Found a viscous altar of Jiyva.
 26622 | Slime:5  | Noticed the Royal Jelly
 26626 | Slime:5  | Lost mutation: You passively map a small area around you.
                  | [Jiyva's grace]
 26628 | Slime:5  | Got a pair of ancient gloves
 26632 | Slime:5  | Gained mutation: You are agile. (Dex +2) [Jiyva's grace]
 26634 | Slime:5  | Noticed an acid blob
 26643 | Slime:5  | Lost mutation: You occasionally shout uncontrollably at
                  | your foes. [Jiyva's grace]
 26655 | Slime:5  | Noticed an acid blob
 26657 | Slime:5  | Identified the Reference Book on the Cankerous Volcanoes
 26661 | Slime:5  | Noticed an acid blob
 26666 | Slime:5  | Got a slimy rune of Zot
 26687 | Slime:5  | Noticed an acid blob
 26699 | Slime:5  | Identified the cursed +0 pair of gloves of the Iron City of
                  | Dis {rN++ Regen+} (You found it on level 5 of the Pits of
                  | Slime)
 26709 | Slime:5  | Lost mutation: Your rubbery body absorbs attacks. (AC +1,
                  | EV +1) [Jiyva's grace]
 26802 | Lair:6   | Reached skill level 10 in Dodging
 27164 | Lair:6   | Reached skill level 14 in Long Blades
 27255 | Lair:6   | Gained mutation: You are covered in fur. (AC +1) [Jiyva's
                  | grace]
 27354 | Lair:6   | Found a burning altar of Makhleb.
 27785 | Lair:6   | Found a gateway to Hell.
 28013 | Lair:1   | Killed Gareihy's ghost
 28224 | D:11     | Reached XP level 15. HP: 95/123 MP: 20/20
 28256 | D:11     | Lost mutation: Your spells are a little harder to cast, but
                  | a little more powerful. [Jiyva's grace]
 28460 | D:12     | Gained mutation: You have a considerably increased
                  | reservoir of magic. (+20% MP) [Jiyva's grace]
 28481 | D:12     | Killed Sonja
 28562 | D:12     | Gained mutation: You have acidic saliva. [Jiyva's grace]
 29206 | D:13     | Noticed Erolcha
 29214 | D:13     | Killed Erolcha
 29315 | D:13     | Lost mutation: Your body sometimes deteriorates upon taking
                  | damage. [Jiyva's grace]
 29396 | D:13     | Noticed Nessos
 29417 | D:13     | Killed Nessos
 29431 | D:13     | Lost mutation: You are covered in slimy tendrils that may
                  | disarm your opponents. [Jiyva's grace]
 29477 | D:13     | Noticed Maurice
 29480 | D:13     | Killed Maurice
 29699 | D:13     | Lost mutation: You have a pair of small antennae on your
                  | head. [Jiyva's grace]
 29796 | D:13     | Lost mutation: You are somewhat resistant to both further
                  | mutation and mutation removal. [Jiyva's grace]
 29815 | D:13     | Found a gate to the Vaults.
 29950 | D:14     | Lost mutation: You are covered in fur. (AC +1) [Jiyva's
                  | grace]
 29999 | D:14     | Found a gate leading to a gauntlet.
 30010 | Gauntlet | Entered a Gauntlet
 30010 | Gauntlet | Found a transporter.
 30028 | Gauntlet | Found a transporter.
 30043 | Gauntlet | Found a transporter.
 30048 | Gauntlet | Found a transporter.
 30063 | Gauntlet | Found a transporter.
 30082 | Gauntlet | Found a transporter.
 30094 | Gauntlet | Found a transporter.
 30106 | Gauntlet | Found a transporter.
 30118 | Gauntlet | Found a transporter.
 30130 | Gauntlet | Found a transporter.
 30147 | Gauntlet | Found a transporter.
 30164 | Gauntlet | Found a transporter.
 30166 | Gauntlet | Found a transporter.
 30191 | Gauntlet | Found a transporter.
 30208 | Gauntlet | Found a transporter.
 30211 | Gauntlet | Found a transporter.
 30213 | Gauntlet | Found a transporter.
 30223 | Gauntlet | Found a transporter.
 30306 | Gauntlet | Got a flickering lead amulet
 30307 | Gauntlet | Identified the amulet "Axedd" {Harm *Drain Int+4 Dex+3
                  | Stlth+} (You found it in a Gauntlet)
 30366 | Gauntlet | Identified the +7 mace of Cheese {distort, SInv}
 30369 | Gauntlet | Reached skill level 15 in Long Blades
 30386 | Gauntlet | Identified Yzyicont's Incunabulum of Doomed Heat
 30388 | Gauntlet | Got an ichor-stained ring mail
 30403 | D:14     | Identified the +0 ring mail "Eskael Rash" {+Fly MP+9 Int+2
                  | Dex-2} (You found it in a Gauntlet)
 30545 | D:14     | Gained mutation: Armour fits poorly on your pseudopods.
                  | [Jiyva's grace]
 30739 | D:15     | Entered Level 15 of the Dungeon
 31024 | D:15     | Lost mutation: Your body is covered in golden eyes which
                  | may confuse attackers. (Acc +7, SInv) [Jiyva's grace]
 31087 | D:15     | Gained mutation: Your rubbery body absorbs attacks. (AC +1,
                  | EV +1) [Jiyva's grace]
 31255 | D:15     | Found a staircase to the Depths.
 31332 | D:14     | Lost mutation: Your skin changes colour to match your
                  | surroundings (Stealth+). [Jiyva's grace]
 31332 | D:14     | Gained mutation: Your translucent skin slightly reduces
                  | your foes' accuracy. (Stealth) [Jiyva's grace]
 32009 | Swamp:1  | Entered Level 1 of the Swamp
 32018 | Swamp:1  | Gained mutation: You are completely covered in rugged brown
                  | scales. (AC +3, +7% HP) [demonic ancestry]
 32018 | Swamp:1  | Reached XP level 16. HP: 74/137 MP: 23/23
 32201 | Swamp:1  | Found a runed door.
 32242 | Swamp:1  | Noticed a thorn hunter
 32245 | Swamp:1  | Gained mutation: Your mind is acute. (Int +2) [Jiyva's
                  | grace]
 32255 | Swamp:1  | Killed a thorn hunter
 32270 | Swamp:1  | Lost mutation: You have acidic saliva. [Jiyva's grace]
 32489 | Swamp:1  | Lost mutation: You are agile. (Dex +2) [Jiyva's grace]
 33021 | Swamp:1  | Paralysed by you for 3 turns
 33077 | Swamp:1  | Identified the Disquisition on Ghastly Moulding
 33084 | Swamp:1  | Got a brightly glowing platinum ring
 33089 | Swamp:1  | Identified the cursed ring "Goth" {*Corrode +Fly rN+++ MR-
                  | Slay-3} (You found it on level 1 of the Swamp)
 33203 | Swamp:1  | Learned a level 2 spell: Corpse Rot
 33207 | Swamp:1  | Learned a level 3 spell: Vampiric Draining
 33219 | Swamp:2  | Noticed Nikola
 33350 | Swamp:2  | Killed Nikola
 33627 | Swamp:2  | Reached skill level 16 in Long Blades
 33628 | Swamp:2  | Noticed Roxanne
 33673 | Swamp:2  | Gained mutation: Your flesh is heat resistant. (rF+)
                  | [Jiyva's grace]
 34137 | Swamp:2  | Killed Roxanne
 34186 | Swamp:3  | Noticed a thorn hunter
 34186 | Swamp:3  | Noticed Kirke
 34232 | Swamp:3  | Noticed a thorn hunter
 34240 | Swamp:3  | Killed a thorn hunter
 34267 | Swamp:3  | Killed Kirke
 34288 | Swamp:3  | Killed from afar by a thorn hunter

Vault maps used:
D:1:      lemuel_arrival_hallway
D:2:      lightli_temple_of_fire, first_ration
D:3:      small_statue_intersection, kennysheep_generic_room_5, uniq_sigmund
D:4:      minmay_temple_entry_tees, serial_shops,
          nicolae_shop_temple_entry_statues_fountains, shop, okawaru_trees_1,
          uniq_menkaure, uniq_ijyb, uniq_grinder
D:5:      serial_undead, serial_undead_c, serial_undead_e, serial_undead_e,
          serial_undead_c, minmay_manual_mandibuliform
D:6:      nicolae_ossuary_entry_catacombs, uniq_eustachio, uniq_duvessa
D:7:      grunt_livestock, kennysheep_generic_room_11
D:8:      basic_altar, jiyva_altar_1, uniq_harold
D:9:      kennysheep_seaside_town, lair_entry_dummy,
          kennysheep_opposing_triangles, uniq_gastronok
D:10:     minmay_the_grid_octo_2x2, david_orc_4
D:11:     minmay_chambers_of_sevens
D:12:     serial_bayou_pond_a, kennysheep_generic_room_3, uniq_sonja
D:13:     grunt_vaults_entry_fortified, kennysheep_pointless_box, uniq_nessos,
          uniq_erolcha, uniq_maurice
D:14:     minmay_strange_pillars, gauntlet_entry_generic
D:15:     grunt_enter_depths_magical_seal
Temple:   roderic_octagonal_lattice_temple
Lair:1:   ebering_ghost_funeral_grove
Lair:2:   minmay_snake_entry_guardpost_small, roderic_carrion_pond,
          grunt_megastairs_2
Lair:3:   gammafunk_ghost_arena, uniq_urug
Lair:4:   minmay_swamp_entry_swarm
Lair:5:   enter_volcano_3, serial_bayou_pond_d, lemuel_fruit_tree
Lair:6:   evil_forest, slime_dummy, nicolae_lair_grove_arrangements,
          kennysheep_basilisk_garden, lemuel_fruit_fields
Swamp:1:  gammafunk_mikee_crab_dinner, serial_swamp_ruin,
          evilmike_swamp_ruin_house_5, evilmike_swamp_ruin_rubble_1
Swamp:2:  evilmike_swamp_ruin_house_2, uniq_roxanne, uniq_nikola
Swamp:3:  portal_ice_cave_entry_pillars_1, infiniplex_staircase_pool_2,
          uniq_kirke
Slime:2:  nicolae_slime_round_cave
Slime:3:  nicolae_slime_welcoming_committee
Slime:4:  basic_altar
Orc:1:    serial_shops, shop
Orc:2:    st_orc_elflike
Ossuary:  ossuary_tomb_3
Volcano:  pf_volcano_lost_world
Gauntlet: gammafunk_gauntlet_one_two_three

Skill      XL: |  1  2  3  4  5  6  7  8  9 10 11 12 13 14 15 16 |
---------------+-------------------------------------------------+-----
Dodging        | 1 2 3 4 5 7 8 9 10 11 | 11.8
Long Blades    | 3 4 5 6 7 8 10 11 12 13 14 15 16 | 16.1
Armour         | 2 3 4 5 6 7 8 9 10 11 | 11.8
Fighting       | 4 5 6 7 8 9 10 11 12 13 | 13.0
Necromancy     | 5 8 10 12 14 | 14.3
Spellcasting   | 2 |  2.1

Action                   |  1- 3 |  4- 6 |  7- 9 | 10-12 | 13-15 | 16-18 || total
-------------------------+-------+-------+-------+-------+-------+-------++-------
Melee: Falchion          |    83 |    84 |   439 |   895 |    12 |       ||  1513
       Kick              |    15 |    36 |   155 |   438 |   531 |   111 ||  1286
       Headbutt          |       |       |    18 |    42 |       |       ||    60
       Peck              |       |       |       |   125 |   319 |    63 ||   507
       Scimitar          |       |       |       |       |   397 |       ||   397
       Triple sword      |       |       |       |       |   585 |   222 ||   807
       Bite              |       |       |       |       |    54 |    12 ||    66
       Pseudopods        |       |       |       |       |    44 |    74 ||   118
Evoke: Wand              |       |       |       |       |     3 |       ||     3
  Use: Potion            |       |     6 |     3 |     6 |       |     2 ||    17
       Scroll            |       |       |    10 |    11 |     9 |     9 ||    39
 Stab: Sleeping          |       |     3 |     3 |     1 |       |       ||     7
       Distracted        |       |     1 |     1 |     3 |       |       ||     5
       Paralysed         |       |       |     6 |    16 |       |     1 ||    23
       Confused          |       |       |     2 |    17 |    57 |     6 ||    82
       Petrifying        |       |       |     2 |    11 |       |       ||    13
       Petrified         |       |       |       |    15 |       |       ||    15
  Eat: Chunk             |     1 |     3 |    14 |     7 |       |       ||    25
       Ration            |       |       |       |     2 |       |       ||     2
Armor: Leather armour    |    25 |    27 |   141 |   103 |       |       ||   296
       Robe              |       |       |       |    36 |       |       ||    36
       Plate armour      |       |       |       |       |   630 |   156 ||   786
Dodge: Dodged            |    51 |    62 |   299 |   591 |   780 |   245 ||  2028
       Rpst.: Falchion   |    16 |    11 |    63 |   170 |     2 |       ||   262
       Scimitar          |       |       |       |       |    61 |       ||    61
       Triple sword      |       |       |       |       |   134 |    43 ||   177

Table legend:
 A = Non-vault XP
 B = Vault XP
 C = Vault XP percentage of total XP
 D = Non-vault monster count
 E = Vault monster count
 F = Vault count percentage of total count
                 A         B        C        D         E       F
            +---------+---------+-------+---------+---------+-------
      Total |   94871 |   76260 |  44.6 |     565 |     247 |  30.4
            +---------+---------+-------+---------+---------+-------
        D:1 |      46 |       0 |   0.0 |      23 |       0 |   0.0
        D:2 |      39 |       0 |   0.0 |      19 |       0 |   0.0
        D:3 |     181 |     208 |  53.5 |      26 |       3 |  10.3
        D:4 |     594 |     631 |  51.5 |      14 |       3 |  17.6
        D:5 |     872 |      76 |   8.0 |      30 |       8 |  21.1
        D:6 |     310 |     721 |  69.9 |      11 |       9 |  45.0
        D:7 |     507 |    1084 |  68.1 |      14 |       7 |  33.3
        D:8 |    1339 |     932 |  41.0 |      25 |       5 |  16.7
        D:9 |    1414 |    3685 |  72.3 |       9 |      17 |  65.4
       D:10 |    2717 |    2353 |  46.4 |      25 |      22 |  46.8
       D:11 |    1785 |    6260 |  77.8 |      11 |      12 |  52.2
       D:12 |    4845 |     802 |  14.2 |      37 |       1 |   2.6
       D:13 |    5061 |    7779 |  60.6 |      23 |      10 |  30.3
       D:14 |   10052 |       0 |   0.0 |      34 |       0 |   0.0
       D:15 |    9237 |    4149 |  31.0 |      29 |       9 |  23.7
     Lair:1 |    5364 |    2361 |  30.6 |      24 |      10 |  29.4
     Lair:2 |    3594 |    1365 |  27.5 |      19 |       5 |  20.8
     Lair:3 |    2181 |       0 |   0.0 |       8 |       0 |   0.0
     Lair:4 |    2916 |     539 |  15.6 |      15 |       3 |  16.7
     Lair:5 |    1217 |     284 |  18.9 |       7 |       2 |  22.2
     Lair:6 |    9002 |    9973 |  52.6 |      34 |      29 |  46.0
    Swamp:1 |   13370 |    7852 |  37.0 |      37 |      12 |  24.5
    Swamp:2 |    8744 |    5728 |  39.6 |      18 |       2 |  10.0
    Swamp:3 |    3139 |    2155 |  40.7 |       6 |       1 |  14.3
      Orc:1 |    4933 |    2588 |  34.4 |      42 |      10 |  19.2
      Orc:2 |    1412 |    3306 |  70.1 |      25 |      12 |  32.4
    Ossuary |       0 |     189 | 100.0 |       0 |      16 | 100.0
    Volcano |       0 |    6903 | 100.0 |       0 |      24 | 100.0
   Gauntlet |       0 |    4337 | 100.0 |       0 |      15 | 100.0
            +---------+---------+-------+---------+---------+-------
